 Dungeon Crawl Stone Soup version 0.20.1-1-g8b1a95d (webtiles) character file.

90 Kjetter the Sneak (level 4, -4/33 HPs)
             Began as a Human Assassin on Aug 25, 2017.
             Slain by Andry07's ghost (15 damage)
             ... on level 3 of the Dungeon on Oct 4, 2017.
             The game lasted 00:16:03 (2483 turns).

Kjetter the Sneak (Human Assassin)                  Turns: 2483, Time: 00:16:04

Health: -4/33      AC:  4    Str: 12    XL:     4   Next: 85%
Magic:  4/4        EV: 12    Int: 11    God:
Gold:   81         SH:  0    Dex: 15    Spells: 3/3 levels left

rFire    . . .     SeeInvis .   a - +2 dagger (flame)
rCold    . . .     Gourm    .   (no shield)
rNeg     . . .     Faith    .   c - +0 robe
rPois    .         Spirit   .   p - +0 helmet
rElec    .         Reflect  .   d - +0 cloak
rCorr    .         Harm     .   (no gloves)
MR       .....                  (no boots)
Stlth    +++.......             (no amulet)
Regen    0.2/turn               (no ring)
MPRegen  0.1/turn               (no ring)

@: no status effects
A: no striking features
a: no special abilities


You were on level 3 of the Dungeon.
You were not hungry.

You visited 1 branch of the dungeon, and saw 3 of its levels.

You collected 81 gold pieces.

Inventory:

Hand Weapons
 a - a +2 dagger of flaming (weapon)
 b - a +0 blowgun
 m - a cursed -3 dagger
 x - a +2 dagger
Missiles
 e - 8 poisoned needles
 f - 2 curare-tipped needles
 i - 17 arrows
 o - 82 stones (quivered)
Armour
 c - a +0 robe (worn)
 d - a +0 cloak (worn)
 p - a +0 helmet (worn)
Scrolls
 l - 2 scrolls of recharging {unknown}
 n - a scroll of teleportation {unknown}
 s - a scroll of identify {unknown}
 u - a scroll of immolation {unknown}
 v - 3 scrolls of magic mapping {unknown}
Potions
 h - a potion of mutation {unknown}
 j - 2 potions of agility {unknown}
 q - 3 potions of curing {unknown}
 r - a potion of berserk rage {unknown}
 t - a potion of ambrosia {unknown}
 w - a potion of degeneration {unknown}
Comestibles
 g - 2 bread rations
 k - a royal jelly
 z - a chunk of flesh


   Skills:
 * Level 2.2 Fighting
 + Level 2.6 Short Blades
 + Level 2.2 Throwing
 + Level 1.4 Dodging
 * Level 5.3 Stealth


You had 3 spell levels left.
You didn't know any spells.

Dungeon Overview and Level Annotations

Branches:
Dungeon (3/15)

Altars:
Dithmenos
Trog
Xom

Annotations:
D:3 Andry07's ghost, amateur GrFi


Message History

You kill the worm!
No reachable target in view!
Done exploring.
You see here a worm corpse.
You butcher the worm corpse.
z - 2 chunks of flesh Eating one of 2 chunks of flesh.
You eat one of the 2 chunks of flesh.
This raw flesh tastes terrible.
Done exploring.
(D) Dungeon
Where to? (Enter - D:2 @ (x,y), ? - help)
Okay, then.
There is a stone staircase leading down, spattered with blood here.
You climb downwards.
Level annotation: Andry07's ghost, amateur GrFi Andry07's ghost hits you! x2
There is a stone staircase leading up, spattered with blood here.
Andry07's ghost wails, "Do you think the gods will protect you?"
Andry07's ghost hits you!
You die...

...###.#.#......................#
...##..#.......#........#..†....#
...#..###.......................#
.......................#####..###
...............####..#....###.#
.†.............)###.#####..##.#
..†♣....#........##.# ##..#.#
..♣.♣..##......W....#######.#.#
.♣._.♣.........>@...#.......#.#
..♣.♣...........###...#######.#
...♣...##........#....# #.#
.......##........#.##.# #.#
....#..##.............# ##.###
.#####.......[.....##.## #.....
## #.............##..#####.....
#######.##..............)......<.
...................##...####.....


You could see Andry07's ghost.

Vanquished Creatures
  3 adders
  A worm (D:2)
  A leopard gecko (D:2)
  2 orcs (D:2)
  A ball python (D:3)
  5 bats
  4 giant cockroaches
  4 goblins
  7 hobgoblins
  8 jackals
  8 kobolds
  A quokka (D:3)
  2 frilled lizards (D:2)
  2 rats (D:2)
49 creatures vanquished.

Notes
Turn   | Place    | Note
-------+----------+-------------------------------------------
     0 | D:1      | Kjetter the Human Assassin began the quest for the Orb.
     0 | D:1      | Reached XP level 1. HP: 16/16 MP: 1/1
    98 | D:1      | Reached XP level 2. HP: 21/22 MP: 2/2
   428 | D:1      | Reached XP level 3. HP: 27/27 MP: 3/3
   888 | D:2      | Reached skill level 5 in Stealth
  1038 | D:2      | Found a shadowy altar of Dithmenos.
  1040 | D:2      | Found a shimmering altar of Xom.
  1183 | D:2      | Reached XP level 4. HP: 17/33 MP: 4/4
  1392 | D:2      | Found a bloodstained altar of Trog.
  1806 | D:3      | Found a faded altar of an unknown god.
  2203 | D:3      | Noticed Andry07's ghost (amateur GrFi)
  2483 | D:3      | Slain by Andry07's ghost

Skill      XL: |  1  2  3 |
---------------+----------+-----
Stealth        | 5 |  5.3
Fighting       | |  2.2
Short Blades   | |  2.6
Throwing       | |  2.2
Dodging        | |  1.4

Action                   |  1- 3 |  4- 6 || total
-------------------------+-------+-------++-------
Melee: Dagger            |    85 |   100 ||   185
Throw: Stone             |    22 |    12 ||    34
 Stab: Sleeping          |     6 |     3 ||     9
  Eat: Chunk             |       |     5 ||     5
Armor: Robe              |    24 |    29 ||    53
Dodge: Dodged            |    42 |    57 ||    99
